 Dungeon Crawl Stone Soup version 0.28-a0-1594-ga885d4b3d6 (webtiles) character file.

Game seed: 16090229462593011285

462 lunkers the Grave Robber (level 6, -2/41 HPs)
             Began as a Demonspawn Necromancer on Jan 20, 2022.
             Slain by a centaur skeleton (3 damage)
             ... on level 4 of the Dungeon.
             The game lasted 00:06:43 (4940 turns).

lunkers the Grave Robber (Demonspawn Necromancer)   Turns: 4940, Time: 00:06:43

Health: -2/41      AC:  3    Str:  8    XL:     6   Next: 79%
Magic:  6/12       EV: 14    Int: 19    God:
Gold:   90         SH:  0    Dex: 13    Spells: 9/13 levels left

rFire   . . .      SeeInvis .   t - +3 rapier (venom)
rCold   . . .      Faith    .   (no shield)
rNeg    . . .      Spirit   .   a - +0 robe
rPois   .          Reflect  .   l - +0 helmet
rElec   .          Harm     .   (no cloak)
rCorr   .          Rampage  .   (no gloves)
Will    .....                   (no boots)
Stlth   ++........              (no amulet)
HPRegen 0.13/turn               (no ring)
MPRegen 0.13/turn               (no ring)

@: no status effects
A: repulsion field 1, ignite blood 2
a: no special abilities


You were on level 4 of the Dungeon.
You visited 1 branch of the dungeon, and saw 4 of its levels.

You collected 90 gold pieces.

Inventory:

Hand Weapons
 o - a +0 rapier
 t - a +3 rapier of venom (weapon)
Armour
 a - a +0 robe (worn)
 l - a +0 helmet (worn)
Jewellery
 p - a ring of resist corrosion
Wands
 n - a wand of iceblast (3)
Scrolls
 c - 3 scrolls of blinking {unknown}
 d - a scroll of silence {unknown}
 f - 4 scrolls of identify
 g - a scroll of fear {unknown}
 h - 2 scrolls of teleportation {unknown}
 i - a scroll of enchant armour {unknown}
 q - a scroll of noise {unknown}
 r - a scroll of fog {unknown}
Potions
 b - 4 potions of curing
 e - 3 potions of brilliance
 j - a potion of invisibility {unknown}
 k - a potion of degeneration {unknown}
 m - a potion of resistance {unknown}
 s - 2 potions of lignification {unknown}
 u - a potion of mutation {unknown}


   Skills:
 - Level 1.7 Dodging
 - Level 1.7 Stealth
 + Level 4.1 Spellcasting
 * Level 7.8 Necromancy


You had 9 spell levels left.
You knew the following spells:

 Your Spells              Type           Power      Damage    Failure   Level
a - Pain                  Necr           100%       1d9       1%          1
b - Vampiric Draining     Necr           33%        2d8       1%          3

Your spell library contained the following spells:

 Spells                   Type           Power      Damage    Failure   Level
 Animate Skeleton         Necr           66%        N/A       1%          1
 Animate Dead             Necr           16%        N/A       5%          4
 Summon Small Mammal      Summ           12%        N/A       14%         1
 Agony                    Necr           33%        N/A       16%         5
 Call Canine Familiar     Summ           3%         N/A       38%         3
 Gell's Gravitas          Tloc           3%         N/A       38%         3
 Summon Guardian Golem    Hex/Summ       3%         N/A       38%         3
 Teleport Other           Tloc           3%         N/A       38%         3
 Dispersal                Tloc           1%         N/A       100%        6


Dungeon Overview and Level Annotations

Branches:
Dungeon (4/15)
 Temple: D:4-7

Altars:
Ru

Shops:
D:3 (

Annotations:
D:3 3 runed translucent doors, Pin's ghost, amateur HOMo; knot's ghost, amateur DsBe; riojii's ghost, amateur OpTm; ytrimaz's ghost, amateur OpTm


Innate Abilities, Weirdness & Mutations

You are surrounded by a mild repulsion field. (EV +2)
Your demonic aura often causes spilled blood to erupt in flames.


Message History

The centaur skeleton barely misses you.
The centaur skeleton kicks you but does no damage.
Unknown command.
You feel sick. The centaur skeleton barely misses you.
The centaur skeleton closely misses you.
You feel sick.
You hit the centaur skeleton.
The centaur skeleton is lightly damaged.
You feel sick. The centaur skeleton hits you.
* * * LOW HITPOINT WARNING * * *
The centaur skeleton closely misses you.
You hit the centaur skeleton.
The centaur skeleton is moderately damaged.
You feel sick. The centaur skeleton misses you.
The centaur skeleton kicks you but does no damage.
The centaur skeleton hits you.
* * * LOW HITPOINT WARNING * * *
The centaur skeleton misses you.
You hit the centaur skeleton.
The centaur skeleton is severely damaged.
You feel sick. The centaur skeleton hits you.
* * * LOW HITPOINT WARNING * * *
The centaur skeleton kicks you but does no damage.
The centaur skeleton barely misses you. x2
You feel sick.
Things that are here:
a +0 dagger; a +0 robe You hit the centaur skeleton.
The centaur skeleton is severely damaged.
You feel sick.
You are no longer poisoned.
The centaur skeleton barely misses you. The centaur skeleton kicks you.
* * * LOW HITPOINT WARNING * * *
You hit the centaur skeleton.
The centaur skeleton is almost destroyed.
The centaur skeleton hits you.
* * * LOW HITPOINT WARNING * * *
The centaur skeleton closely misses you.
The centaur skeleton hits you.
You die...

##############
######.....#.......
#.........##.8.8.8.
#..........#.......
#..........'†.....<
#....[...Z##....... ..
#.......@..#.8.8.8. .≈
######.....#....... ≈≈
##...################≈≈
#..### #..###...>.≈
#.###########.....###.≈
#..>>......#.......<#..
#....#######.............
#...... ###........#†≈
####.### #..........≈


You could see a centaur skeleton.

Vanquished Creatures
  Duvessa (D:4)
  A black bear (D:3)
  2 scorpions (D:4)
  Dowan (D:4)
  Robin (D:2)
  2 adders
  A worm (D:4)
  2 dart slugs
  An orc (D:3)
  8 ball pythons
  4 bats
  7 endoplasms
  6 giant cockroaches
  16 goblins
  4 hobgoblins
  2 quokkas (D:2)
  6 frilled lizards
  2 kobolds
  9 rats
76 creatures vanquished.

Vanquished Creatures (others)
  2 demonic plants (D:2)
  A fungus (D:2)
  3 plants (D:2)
  A withered plant (D:2)
7 creatures vanquished.

Grand Total: 83 creatures vanquished

Notes
Turn   | Place    | Note
-------+----------+-------------------------------------------
     0 | D:1      | lunkers the Demonspawn Necromancer began the quest for the
                  | Orb.
     0 | D:1      | Reached XP level 1. HP: 13/13 MP: 3/3
   305 | D:1      | Gained mutation: Your demonic aura sometimes causes spilled
                  | blood to erupt in flames. [demonic ancestry]
   305 | D:1      | Reached XP level 2. HP: 9/19 MP: 0/5
   938 | D:1      | Reached skill level 5 in Necromancy
  1487 | D:1      | Reached XP level 3. HP: 23/24 MP: 4/6
  1917 | D:2      | Found a faded altar of an unknown god.
  2186 | D:2      | Noticed Robin
  3131 | D:2      | Killed Robin
  3132 | D:2      | Reached XP level 4. HP: 20/30 MP: 0/8
  3144 | D:2      | Learned a level 3 spell: Vampiric Draining
  3407 | D:3      | Found a sacrificial altar of Ru.
  3442 | D:3      | Found Wimompal's Weapon Shop.
  3515 | D:3      | Found a runed translucent gate.
  3515 | D:3      | Found a runed translucent gate.
  3515 | D:3      | Noticed riojii's ghost (amateur OpTm)
  3516 | D:3      | Found a runed translucent gate.
  3516 | D:3      | Noticed knot's ghost (amateur DsBe)
  3517 | D:3      | Noticed Pin's ghost (amateur HOMo)
  3517 | D:3      | Noticed ytrimaz's ghost (amateur OpTm)
  3518 | D:3      | Noticed knot's ghost (amateur DsBe)
  3628 | D:3      | Noticed a black bear
  3998 | D:3      | Reached skill level 6 in Necromancy
  4249 | D:3      | Killed a black bear
  4250 | D:3      | Gained mutation: You are surrounded by a mild repulsion
                  | field. (EV +2) [demonic ancestry]
  4250 | D:3      | Reached XP level 5. HP: 8/35 MP: 0/10
  4517 | D:4      | Reached skill level 7 in Necromancy
  4645 | D:4      | Noticed Dowan
  4655 | D:4      | Noticed Duvessa
  4660 | D:4      | Killed Duvessa
  4660 | D:4      | HP: 1/35 [poisoned by Duvessa]
  4661 | D:4      | Gained mutation: Your demonic aura often causes spilled
                  | blood to erupt in flames. [demonic ancestry]
  4661 | D:4      | Reached XP level 6. HP: 1/41 MP: 4/11
  4664 | D:4      | Killed Dowan
  4940 | D:4      | HP: 1/41 [centaur skeleton (4)]
  4940 | D:4      | Slain by a centaur skeleton

Illustrated notes

Levels and vault maps discovered:
D:1:      dpeg_arrival_long_road, layout_loops_ring, hex_large,
          hangedman_glass_teeth, minmay_pentomino_w4
D:2:      layout_basic, shapermc_ecumenical_altar_gd, uniq_robin
D:3:      layout_rooms, mainiacjoe_overflow_catwalk, gammafunk_ghost_cemetery,
          serial_shops, nicolae_shop_bloodbath_and_beyond, nrook_loot_triangle,
          st_stairs_12
D:4:      layout_rooms, serial_shops, shop_statue, grunt_ministairs_3,
          chequers_serial_rivers_large_a, uniq_duvessa

Skill      XL: |  1  2  3  4  5  6 |
---------------+-------------------+-----
Necromancy     | 5 6 7 |  7.8
Spellcasting   | 3 4 |  4.1
Dodging        | |  1.7
Stealth        | |  1.7

Action                   |  1- 3 |  4- 6 || total
-------------------------+-------+-------++-------
Melee: Unarmed           |     9 |       ||     9
       Rapier            |       |    19 ||    19
 Cast: Pain              |    88 |    48 ||   136
       Vampiric Draining |       |     8 ||     8
Evoke: Wand              |       |     3 ||     3
  Use: Scroll            |       |     1 ||     1
       Potion            |       |     1 ||     1
Armor: Robe              |     4 |    10 ||    14
Dodge: Dodged            |    15 |    37 ||    52

Table legend: (Time is in decaauts)
 A = Elapsed time spent in this place.
 B = Non-inter-level travel time spent in this place.
 C = Inter-level travel time spent in this place.
 D = Time resting spent in this place.
 E = Time spent auto-exploring this place.
 F = Levels seen in this place.
 G = Mean time per level.
                   A        B        C        D        E       F      G
               +--------+--------+--------+--------+--------+-----+--------+
         Total |   4942 |   4770 |    172 |     29 |   4224 |   4 | 1235.5 |
       Dungeon |   4942 |   4770 |    172 |     29 |   4224 |   4 | 1235.5 |
               +--------+--------+--------+--------+--------+-----+--------+

Top non-repeatable levels by time:
     D:2: 1733 daAuts
     D:1: 1680 daAuts
     D:3: 1095 daAuts
     D:4: 433 daAuts
